AoeStats
← Beardsley McTurbanhead

Black Forest

510226666Analyzed
2v2 RM · 2d ago on Sep 30, 2026· 50m 45s· 4 players
Game mode
Random Map
Map size
Medium (4 player)
Population
200
Speed
Normal
Resources
Standard
Victory
Conquest
Starting age
Dark Age
Ending age
Imperial Age
RankedLock teamsTeams togetherTeam positionsShared explorationLock speedFull tech treeHidden civsTurbo modeCheats
Victory
Defeat
🇦🇺 Saxons · Australia
945
+12
🇦🇺 Italians · Australia
783
+18
🇦🇷 Goths · Argentina
842
-15
🇦🇷 Byzantines · Argentina
840
-15
Perro
0:28 Loom
14:01 Feudal Age
15:29 Horse Collar
15:41 Double-Bit Axe
18:59 Wheelbarrow
22:25 Castle Age
22:22 Gold Mining
22:23 Stone Mining
24:06 Hand Cart
24:52 Fletching
28:31 Sanctity
32:43 Town Watch
33:56 Elite Skirmisher
38:07 Imperial Age
35:48 Stone Mining
36:54 Town Patrol
36:58 Heavy Plow
36:27 Elite Skirmisher
38:28 Caravan
38:59 Coinage
38:51 Masonry
40:31 Chemistry
44:44 Bodkin Arrow
44:50 Padded Archer Armor
45:26 Banking
45:06 Guilds
46:24 Squires
45:45 Pikeman
46:41 Halberdier
Mapache
5:49 Loom
11:24 Feudal Age
15:04 Horse Collar
20:34 Castle Age
19:07 Horse Collar
19:46 Fletching
20:49 Double-Bit Axe
22:44 Bow Saw
26:01 Thumb Ring
27:59 Wheelbarrow
28:04 Gold Mining
28:17 Heavy Plow
29:56 Padded Archer Armor
30:55 Ballistics
31:45 Hand Cart
31:35 Gambesons
36:43 Imperial Age
34:34 Bodkin Arrow
35:24 Squires
35:11 Arson
36:10 Stone Mining
35:45 Pikeman
37:15 Leather Archer Armor
37:12 Forging
37:54 Logistica
38:12 Caravan
38:41 Conscription
40:08 Chemistry
40:05 Heavy Cavalry Archer
41:45 Ring Archer Armor
41:46 Halberdier
43:27 Elite Skirmisher
44:55 Elite Cataphract
45:50 Scale Barding Armor
46:20 Iron Casting
47:51 Chain Barding Armor
47:04 Cavalier
47:47 Husbandry
49:34 Hoardings
48:38 Light Cavalry
Mclovin
1:13 Loom
11:30 Feudal Age
16:47 Castle Age
14:32 Horse Collar
15:15 Double-Bit Axe
16:20 Stone Mining
16:19 Arson
18:15 Fletching
25:37 Bodkin Arrow
25:55 Forging
26:47 Scale Mail Armor
26:49 Squires
26:35 Arson
28:34 Iron Casting
29:46 Chain Mail Armor
34:54 Imperial Age
32:57 Gold Mining
33:25 Padded Archer Armor
34:15 Wheelbarrow
33:26 Town Watch
34:44 Leather Archer Armor
35:15 Heavy Plow
36:27 Conscription
36:52 Plate Mail Armor
35:48 Shield Wall
36:48 Siege Engineers
39:57 Chemistry
39:35 Ballistics
39:47 Bracer
40:32 Elite Hearth Troop
44:55 Hand Cart
45:05 Treadmill Crane
45:20 Murder Holes
45:36 Masonry
Beardsley McTurbanhead
0:58 Loom
12:22 Feudal Age
14:07 Double-Bit Axe
17:59 Castle Age
17:11 Gold Mining
17:11 Stone Mining
17:03 Horse Collar
20:05 Wheelbarrow
19:43 Bow Saw
21:59 Heavy Plow
26:32 Hand Cart
26:03 Town Watch
27:17 Caravan
28:26 Fortified Wall
29:06 Stone Shaft Mining
31:17 Imperial Age
32:58 Two-Man Saw
32:41 Silk Road
32:42 Conscription
32:59 Crop Rotation
33:43 Pirotechnia
34:38 Coinage
35:02 Fletching
35:13 Padded Archer Armor
36:05 Bodkin Arrow
36:36 Town Patrol
36:54 Masonry
37:07 Ballistics
36:33 Arrowslits
36:45 Murder Holes
37:21 Husbandry
37:32 Bloodlines
36:46 Light Cavalry
38:34 Chemistry
38:44 Elite Genoese Crossbowman
40:00 Architecture
40:05 Bracer
41:11 Leather Archer Armor
41:07 Thumb Ring
41:28 Arson
41:44 Squires
42:27 Treadmill Crane
44:21 Man-at-Arms
45:06 Scale Mail Armor
45:37 Ring Archer Armor
45:17 Forging
45:14 Scale Barding Armor
45:10 Long Swordsman
45:11 Pikeman
46:05 Two-Handed Swordsman
46:11 Hussar
47:11 Chain Mail Armor
47:00 Champion
49:49 Iron Casting
49:34 Chain Barding Armor
50:09 Plate Mail Armor
Connection lost

Rejoining the realm…

Still unreachable

The connection could not be restored.

Session expired

The server has moved on; the page needs a fresh start.